 Dungeon Crawl Stone Soup version 0.27-a0-1189-gb8eb6cee8e (webtiles) character file.

Game seed: 8509319415641268602

72 Delamore the Skirmisher (level 4, -2/29 HPs)
             Began as a Gargoyle Fighter on May 23, 2021.
             Slain by a storm dragon zombie (9 damage)
             ... on level 1 of the Abyss.
             The game lasted 00:02:21 (2648 turns).

Delamore the Skirmisher (Gargoyle Fighter)          Turns: 2648, Time: 00:02:21

Health: -2/29      AC: 11    Str: 21    XL:     4   Next: 25%
Magic:  4/4        EV: 11    Int:  8    God:
Gold:   109        SH:  9    Dex:  9    Spells: 3/3 levels left

rFire    . . .     SeeInvis .   a - +0 flail
rCold    . . .     Faith    .   c - +0 kite shield
rNeg     + . .     Spirit   .   b - +0 scale mail
rPois    ∞         Reflect  .   (no helmet)
rElec    +         Harm     .   (no cloak)
rCorr    .         Rampage  .   (no gloves)
Will     .....                  q - +0 pair of boots
Stlth    ..........             (no amulet)
HPRegen  0.09/turn              h - +4 ring of evasion
MPRegen  0.09/turn              (no ring)

@: weak-willed
A: sickness immunity, AC +3, negative energy resistance 1, electricity
resistance, torment resistance 1, petrification resistance
a: no special abilities


You were on level 1 of the Abyss.
You visited 1 branch of the dungeon, and saw 3 of its levels.
You visited the Abyss 1 time.

You collected 109 gold pieces.

Inventory:

Hand Weapons
 a - a +0 flail (weapon)
Missiles
 k - 29 poisoned darts (quivered)
 o - a throwing net
Armour
 b - a +0 scale mail (worn)
 c - a +0 kite shield (worn)
 q - a +0 pair of boots (worn)
Jewellery
 h - a +4 ring of evasion (left hand)
 i - a ring of fire
 n - a ring of willpower
Wands
 s - a wand of charming (5)
Scrolls
 f - a scroll of fog {unknown}
 g - a scroll of enchant armour {unknown}
 j - a scroll of silence {unknown}
 p - a scroll of summoning {unknown}
 r - a scroll of teleportation {unknown}
Potions
 d - 3 potions of might
 e - 2 potions of curing
 l - a potion of flight {unknown}


   Skills:
 + Level 4.1 Fighting
 + Level 3.0 Maces & Flails
 - Level 3.2 Armour
 + Level 4.1 Shields


You had 3 spell levels left.
You didn't know any spells.
Your spell library was empty.

Dungeon Overview and Level Annotations

Branches:
Dungeon (3/15)

Altars:
The Shining One


Innate Abilities, Weirdness & Mutations

You are immune to sickness and miasma.
Your stone body is resilient. (AC +3)
You are immune to poison.
You resist negative energy. (rN+)
You are resistant to electric shocks. (rElec)
You are resistant to unholy torment.
You are immune to petrification.


Message History

You are too injured to fight recklessly!
You are too injured to fight recklessly!
You are too injured to fight recklessly!
You are too injured to fight recklessly!
You are too injured to fight recklessly!
You are too injured to fight recklessly!
You are too injured to fight recklessly!
You are too injured to fight recklessly!
You are too injured to fight recklessly!
You are too injured to fight recklessly!
You aren't carrying any items that you can evoke.
Okay, then.
It was a potion of curing.
You feel better. You block the orc's attack.
You closely miss the orc.
The orc is severely wounded.
You block the orc's attack. The orc hits you but does no damage.
You are cast into the Abyss!
To return, you must find a gate leading back.
Killing monsters will force the Abyss to allow you passage.
This branch contains the abyssal rune of Zot.
Found 22 stones.
Okay, then.
Found a blackened fluorescent wand.
Found 2 potions of might.
Found a gateway leading deeper into the Abyss.
s - a wand of charming (5)
There are no items here.
A storm dragon zombie comes into view.
You block the storm dragon zombie's attack.
The storm dragon zombie barely misses you.
The storm dragon zombie tramples you.
You see here 2 potions of might.
d - 3 potions of might (gained 2)
A starcursed mass comes into view.
As you read the scroll labelled YTWUPE BEUHUOZE, it crumbles to dust.
Magic quickly surges around you.
It was a scroll of vulnerability.
The storm dragon zombie misses you. The storm dragon zombie claws you.
* * * LOW HITPOINT WARNING * * *
The storm dragon zombie tramples you!
You die...

... #.##...##. .. ...#.
#.....#.#..#..###...#..
#....#.#..#.## .#....
#....#....##.##..#. .
#....#..##. ...#.
##....##......#. # .
#.#.#........ ....#
#..Z...........##..#
#..@#........ . .#
#.##.#.....##.# . . ##
.....#.... . .
#..#......# #...#..
##.##..... . ..... ##.
..... . .# # .#. . . .
#. . . .


You could see a storm dragon zombie (weak-willed).

Vanquished Creatures
  A worm (D:2)
  2 dart slugs
  3 orcs (D:3)
  4 bats
  2 endoplasms
  2 giant cockroaches
  2 goblins (D:2)
  7 hobgoblins
  11 jackals
  4 kobolds
  2 quokkas
  3 ball pythons (D:1)
  4 frilled lizards
  7 rats
54 creatures vanquished.

Vanquished Creatures (others)
  2 plants (D:3)
2 creatures vanquished.

Grand Total: 56 creatures vanquished

Notes
Turn   | Place    | Note
-------+----------+-------------------------------------------
     0 | D:1      | Delamore the Gargoyle Fighter began the quest for the Orb.
     0 | D:1      | Reached XP level 1. HP: 14/14 MP: 1/1
   113 | D:1      | Reached XP level 2. HP: 19/19 MP: 2/2
   838 | D:1      | Reached XP level 3. HP: 21/24 MP: 3/3
  1651 | D:2      | Found a faded altar of an unknown god.
  2032 | D:2      | Found a glowing golden altar of the Shining One.
  2276 | D:2      | Reached XP level 4. HP: 29/29 MP: 4/4
  2607 | D:3      | Cast into level 1 of the Abyss (orc)
  2631 | Abyss:1  | Noticed a storm dragon zombie
  2644 | Abyss:1  | Noticed a starcursed mass
  2648 | Abyss:1  | Slain by a storm dragon zombie

Illustrated notes

Levels and vault maps discovered:
D:1:      nzn_arrival_water_spiral, layout_basic, serial_forest,
          infiniplex_forest_end_3, infiniplex_forest_straight_2,
          infiniplex_forest_corner_2, infiniplex_forest_end_2,
          infiniplex_forest_pool, infiniplex_forest_clump_double,
          infiniplex_forest_lined_room_2, infiniplex_forest_zigzag_1,
          infiniplex_forest_straight_4, corner_web_ring
D:2:      layout_loops_cross, chequers_ecumenical_altar_island, basic_altar,
          serial_park_tiny_pond
D:3:      layout_basic, serial_bayou, serial_bayou_pond_e, serial_bayou_pond_d,
          serial_bayou_pond_b, serial_bayou_pond_e
Abyss:1:  base: D:2, abyss_furniture_001

Skill      XL: |  1  2  3  4 |
---------------+-------------+-----
Fighting       | 4 |  4.1
Shields        | 4 |  4.1
Maces & Flails | 3 |  3.0
Armour         | |  3.2

Action                   |  1- 3 |  4- 6 || total
-------------------------+-------+-------++-------
Melee: Flail             |   158 |    29 ||   187
  Use: Scroll            |       |     1 ||     1
       Potion            |       |     1 ||     1
Armor: Scale mail        |    86 |    13 ||    99
Dodge: Dodged            |    98 |    17 ||   115
Block: Kite shield       |    88 |    13 ||   101

Table legend: (Time is in decaauts)
 A = Elapsed time spent in this place.
 B = Non-inter-level travel time spent in this place.
 C = Inter-level travel time spent in this place.
 D = Time resting spent in this place.
 E = Time spent auto-exploring this place.
 F = Levels seen in this place.
 G = Mean time per level.
                   A        B        C        D        E       F      G
               +--------+--------+--------+--------+--------+-----+--------+
         Total |   2751 |   2652 |     99 |    151 |   2004 |   4 |  687.8 |
       Dungeon |   2710 |   2611 |     99 |    151 |   2004 |   3 |  903.3 |
         Abyss |     41 |     41 |      0 |      0 |      0 |   1 |   41.0 |
               +--------+--------+--------+--------+--------+-----+--------+

Top non-repeatable levels by time:
     D:1: 1445 daAuts
     D:2: 1089 daAuts
     D:3: 175 daAuts
 Abyss:1: 41 daAuts
